 Dungeon Crawl Stone Soup version 0.22-a0-322-g60b3cfd (webtiles) character file.

64388 galech the Fighter (level 15, -6/127 HPs)
             Began as a Gnoll Wanderer on Apr 5, 2018.
             Was a High Priest of Okawaru.
             Mangled by a spiny frog (43 damage)
             ... on level 6 of the Lair of Beasts.
             The game lasted 01:03:03 (24685 turns).

galech the Fighter (Gnoll Wanderer)                Turns: 24685, Time: 01:03:03

Health: -6/127     AC: 33    Str: 16    XL:     15   Next: 12%
Magic:  20/25      EV: 21    Int: 15    God:    Okawaru [*****.]
Gold:   1530       SH:  0    Dex: 24    Spells: 28/33 levels left

rFire    . . .     SeeInvis .   Y - +9 lajatang "Jellybane" {flame, *Corrode rElec MR+ Dex+3}
rCold    + . .     Gourm    .   (shield currently unavailable)
rNeg     + . .     Faith    .   o - +5 pearl dragon scales
rPois    .         Spirit   .   C - +0 helmet
rElec    +         Reflect  .   (no cloak)
rCorr    .         Harm     .   z - +2 pair of gloves
MR       ++++.                  W - +0 pair of boots
Stlth    +++++.....             (no amulet)
HPRegen  0.31/turn              g - +5 ring of protection
MPRegen  0.19/turn              G - ring of protection from cold

@: lethally poisoned (-6 -> -11), sleeping, heroism, finesse
A: distributed training, fangs 1, agile 1, low mp 1, magic resistance 2, strong
nose
a: Heroism, Finesse, Renounce Religion


You were on level 6 of the Lair of Beasts.
You worshipped Okawaru.
Okawaru was extremely pleased with you.
You were not hungry.

You visited 3 branches of the dungeon, and saw 19 of its levels.

You collected 1738 gold pieces.
You spent 208 gold pieces at shops.

Inventory:

Hand Weapons
 e - a +1 club
 p - a +4 dagger of venom
 q - a +2 dagger of pain
 B - a +1 falchion of draining
 E - the +5 falchion of Urchoh Tade {speed, rN+ Str+3 Dex-3}
   (You found it on level 7 of the Dungeon)

   Attacks with this weapon are significantly faster.
   It affects your strength (+3).
   It affects your dexterity (-3).
   It protects you from negative energy.
 Y - the +9 lajatang "Jellybane" (weapon) {flame, *Corrode rElec MR+ Dex+3}
   (Okawaru gifted it to you on level 2 of the Orcish Mines)

   It has been specially enchanted to burn those struck by it, causing extra
   injury to most foes and up to half again as much damage against particularly
   susceptible opponents.
   Big, fiery blades are also staple armaments of hydra-hunters.
   It affects your dexterity (+3).
   It insulates you from electricity.
   It affects your resistance to hostile enchantments.
   It may corrode you when you take damage.
Missiles
 A - 329 arrows
Armour
 i - a +1 chain mail of fire resistance
 o - +5 pearl dragon scales (worn)
 z - a +2 pair of gloves (worn)
 C - a +0 helmet (worn)
 P - the +1 scale mail "Qaism" {rPois rC- rN+++}
   (You found it on level 3 of the Lair of Beasts)

   It makes you vulnerable to cold.
   It protects you from poison.
   It renders you almost immune to negative energy.
 R - a +0 shield of protection
 W - a +0 pair of boots (worn)
Jewellery
 g - a +5 ring of protection (left hand)
 t - an uncursed ring of see invisible
 w - an uncursed ring of protection from magic
 G - a ring of protection from cold (right hand)
Wands
 l - a wand of scattershot (8)
 s - a wand of random effects (26)
 F - a wand of acid (5)
 H - a wand of paralysis (23)
 I - a wand of iceblast (20)
Scrolls
 a - a scroll of fear
 h - 4 scrolls of blinking
 k - 3 scrolls of magic mapping
 m - 6 scrolls of remove curse
 r - 10 scrolls of teleportation
 y - 2 scrolls of amnesia
 J - 2 scrolls of enchant weapon
 K - 2 scrolls of silence {unknown}
 M - a scroll of holy word
 O - a scroll of enchant armour
 Z - a scroll of fog
Potions
 b - 2 potions of haste
 c - 2 potions of invisibility
 d - 4 potions of curing
 j - 4 potions of flight
 n - 3 potions of magic
 u - 3 potions of ambrosia
 x - 5 potions of heal wounds
 D - 2 potions of mutation
 Q - 3 potions of agility
Miscellaneous
 X - a lamp of fire
Comestibles
 f - 37 rations
 v - 5 chunks of flesh


   Skills:
 + Level 14.7(19.7) Fighting
 + Level 9.6(14.6) Short Blades
 + Level 9.6(14.6) Long Blades
 + Level 9.6(14.6) Axes
 + Level 9.6(14.6) Maces & Flails
 + Level 9.6(14.6) Polearms
 + Level 9.6(14.6) Staves
 + Level 9.6(14.6) Slings
 + Level 9.6(14.6) Bows
 + Level 9.6(14.6) Crossbows
 + Level 9.6(14.6) Throwing
 + Level 9.6(14.6) Armour
 + Level 10.0(15.0) Dodging
 + Level 9.9(14.9) Stealth
 + Level 9.6(14.6) Shields
 + Level 10.0(15.0) Unarmed Combat
 + Level 9.6 Spellcasting
 + Level 8.1 Conjurations
 + Level 8.1 Hexes
 + Level 8.1 Charms
 + Level 8.1 Summonings
 + Level 8.1 Necromancy
 + Level 8.1 Translocations
 + Level 8.1 Transmutations
 + Level 8.1 Fire Magic
 + Level 8.1 Ice Magic
 + Level 8.1 Air Magic
 + Level 8.1 Earth Magic
 + Level 8.1 Poison Magic
 + Level 10.4 Invocations
 + Level 10.0 Evocations


You had 28 spell levels left.
You knew the following spells:

 Your Spells              Type           Power        Failure   Level  Hunger
a - Sticks to Snakes      Tmut           ####....     1%          2    None
b - Call Canine Familiar  Summ           ####....     3%          3    #......


Dungeon Overview and Level Annotations

Branches:
Dungeon (11/15)            Temple (0/1) D:7            Lair (6/6) D:9
 Shoals (0/4) Lair:3        Snake (0/4) Lair:4        Slime (0/5) Lair:6
    Orc (2/2) D:11            Elf (0/3) Orc:2

Altars:
Ashenzari
Cheibriados
Dithmenos
Hepliaklqana
Nemelex Xobeh
Okawaru
Qazlal
Ru
Sif Muna
Uskayaw
Vehumet
Xom
Zin
Beogh

Shops:
D:7 }   D:8 (   D:10 (=   Orc:2 [(*:

Annotations:
Lair:4 exclusion: 7 oklob plants


Innate Abilities, Weirdness & Mutations

Your experience applies equally to all skills.
You have very sharp teeth.
Your uncanny sense of smell can sniff out nearby items.
You are agile. (Dex +2)
Your magical capacity is low. (-10% MP)
You are highly resistant to hostile enchantments. (MR++)


Message History

You barely miss the dream sheep. The dream sheep completely misses you.
The spiny frog misses you.
Unknown command.
You hit the dream sheep. You burn the dream sheep.
You bite the dream sheep, but do no damage.
The dream sheep is moderately wounded.
You feel sick. The spiny frog closely misses you.
The dream sheep shake their wool and sparkle.
You feel drowsy...
You fall asleep.
You feel sick. The spiny frog barely misses you.
The dream sheep closely misses you. The spiny frog completely misses you.
You feel sick. The spiny frog misses you.
The spiny frog stings you but does no damage.
The dream sheep barely misses you. The spiny frog barely misses you.
You feel sick. The spiny frog misses you. The dream sheep closely misses you.
The spiny frog completely misses you.
You feel sick. The spiny frog closely misses you.
The dream sheep closely misses you. The spiny frog misses you.
The spiny frog stings you!!!
You die...

# #.##### #.##
########.##.######## ####
#..P##...#..#.....P#.#..###.#.
..............................
...........................##.
.<.....................#.##.#.
............YY..........###...
..........YYYFF........#.#....
.....Y...####@..........#.....
.≈..≈≈≈... ####.........#...#
.≈≈...Y≈≈≈≈ #.P........###....
≈.≈Y≈≈P≈≈≈≈##..P........#.....
≈≈≈≈≈≈≈≈≈≈≈##..........######.
≈≈≈≈≈≈≈≈≈≈##≈≈..≈......#####.#
#≈P...P......##.#.#
#≈≈≈...............
.≈≈≈...............


You could see 2 spiny frogs and 5 dream sheep.

Vanquished Creatures
  The ghost of whitenoisemaker the Brawler, a journeyman TrMo of Elyvilon (Lair:6)
  2 ettins
  A fire dragon (D:10)
  3 hydras
  The ghost of Demitroll the Carver, a journeyman BaSk of Okawaru (D:10)
  A centaur warrior (D:10)
  A catoblepas (Lair:6)
  The ghost of Demitroll the Cleaver, a novice MiFi of Gozag (D:7)
  2 ogre magi (Orc:2)
  Erica (Orc:1)
  7 two-headed ogres
  5 death yaks (Lair:5)
  Sonja (Lair:3)
  2 deep trolls
  A wizard (D:10)
  A phantasmal warrior (D:11)
  A necromancer (Lair:2)
  The ghost of zero the Covert, a novice SpEn of Vehumet (D:9)
  2 ugly things
  3 cyclopes
  5 black mambas
  3 elephants (Lair:5)
  24 spiny frogs
  A torpor snail (Lair:6)
  2 rime drakes (Lair:4)
  3 komodo dragons
  A queen bee (Lair:4)
  12 trolls
  3 meliai (Lair:4)
  12 blink frogs
  2 tyrant leeches (Lair:6)
  A polar bear (Lair:4)
  Prince Ribbit (D:5)
  3 hornets
  2 hippogriffs
  A wraith (D:11)
  A wyvern (D:11)
  Sigmund (D:6)
  A human (D:11)
  6 basilisks
  32 yaks
  A steam dragon (D:11)
  6 vampire mosquitoes
  2 wargs (Orc:1)
  A hungry ghost (D:9)
  2 nagas (Lair:4)
  11 water moccasins
  5 sky beasts
  17 orc warriors
  9 porcupines
  6 ice beasts
  3 black bears
  2 necrophages
  2 phantoms (D:6)
  6 centaurs
  20 wolves
  23 ogres
  7 crocodiles
  Blork the orc (D:4)
  30 bullfrogs
  A scorpion (D:7)
  30 killer bees
  A wight (D:10)
  2 howler monkeys (D:9)
  6 crimson imps
  2 quasits
  A centaur zombie (D:8)
  4 hounds
  13 orc priests
  22 orc wizards
  4 jellies
  3 bullfrog skeletons
  2 centaur skeletons
  2 iguanas
  2 polar bear simulacra (Lair:2)
  14 worker ants
  3 yak simulacra (Lair:2)
  5 wolf simulacra (Lair:2)
  2 hound skeletons
  A howler monkey zombie (D:7)
  2 worker ant zombies
  A howler monkey skeleton (D:9)
  18 adders
  11 gnolls
  5 shadow imps
  An ooze (D:4)
  An adder skeleton (D:2)
  2 adder zombies
  4 worms (D:2)
  9 dart slugs
  9 leopard geckos
  74 orcs
  7 giant cockroaches
  11 goblins
  12 hobgoblins
  14 jackals
  14 kobolds
  3 quokkas
  2 ball pythons
  A ball python skeleton (D:2)
  7 bats
  5 frilled lizards
  A leopard gecko skeleton (D:5)
  A quokka skeleton (D:4)
  6 rats
  A river rat simulacrum (Lair:2)
651 creatures vanquished.

Vanquished Creatures (others)
  An orc warrior (Orc:2)
  An orc wizard (D:5)
  28 fungi
  66 plants
96 creatures vanquished.

Grand Total: 747 creatures vanquished

Notes
Turn   | Place    | Note
-------+----------+-------------------------------------------
     0 | D:1      | Reached skill level 12 in Fighting
     0 | D:1      | galech the Gnoll Wanderer began the quest for the Orb.
     0 | D:1      | galech set off with: a scroll of fear, a potion of haste, a +0 ring mail, a potion of curing, a +0 club, a ration
     0 | D:1      | Reached XP level 1. HP: 31/31 MP: 2/2
   202 | D:1      | Reached XP level 2. HP: 33/38 MP: 3/3
   719 | D:1      | Reached XP level 3. HP: 35/44 MP: 4/4
  1122 | D:2      | Reached skill level 1 in Invocations
  1414 | D:2      | Reached skill level 1 in Short Blades
  1414 | D:2      | Reached skill level 1 in Long Blades
  1414 | D:2      | Reached skill level 1 in Axes
  1414 | D:2      | Reached skill level 1 in Maces & Flails
  1414 | D:2      | Reached skill level 1 in Polearms
  1414 | D:2      | Reached skill level 1 in Staves
  1414 | D:2      | Reached skill level 1 in Slings
  1414 | D:2      | Reached skill level 1 in Bows
  1414 | D:2      | Reached skill level 1 in Crossbows
  1414 | D:2      | Reached skill level 1 in Throwing
  1414 | D:2      | Reached skill level 1 in Armour
  1414 | D:2      | Reached skill level 1 in Shields
  1414 | D:2      | Reached skill level 1 in Spellcasting
  1439 | D:2      | Reached XP level 4. HP: 49/51 MP: 6/6
  1660 | D:2      | Found a radiant altar of Vehumet.
  1934 | D:2      | Reached skill level 1 in Conjurations
  1934 | D:2      | Reached skill level 1 in Hexes
  1934 | D:2      | Reached skill level 1 in Charms
  1934 | D:2      | Reached skill level 1 in Summonings
  1934 | D:2      | Reached skill level 1 in Necromancy
  1934 | D:2      | Reached skill level 1 in Translocations
  1934 | D:2      | Reached skill level 1 in Transmutations
  1934 | D:2      | Reached skill level 1 in Fire Magic
  1934 | D:2      | Reached skill level 1 in Ice Magic
  1934 | D:2      | Reached skill level 1 in Air Magic
  1934 | D:2      | Reached skill level 1 in Earth Magic
  1934 | D:2      | Reached skill level 1 in Poison Magic
  2087 | D:3      | Reached XP level 5. HP: 52/57 MP: 7/7
  2177 | D:3      | Found a shadowy altar of Dithmenos.
  2249 | D:3      | Reached XP level 6. HP: 64/64 MP: 8/8
  2533 | D:3      | Found a hide-covered altar of Uskayaw.
  2841 | D:4      | Noticed a necrophage
  2875 | D:3      | Killed a necrophage
  2978 | D:4      | Reached XP level 7. HP: 62/70 MP: 10/10
  3094 | D:4      | Noticed Blork the orc
  3110 | D:4      | Killed Blork the orc
  3164 | D:4      | Found an iron altar of Okawaru.
  3227 | D:4      | Became a worshipper of Warmaster Okawaru
  3421 | D:4      | Found a sacrificial altar of Ru.
  3512 | D:4      | Found a sparkling altar of Nemelex Xobeh.
  3571 | D:5      | Entered Level 5 of the Dungeon
  3643 | D:5      | Found a deep blue altar of Sif Muna.
  3727 | D:5      | Noticed Prince Ribbit
  3746 | D:5      | Killed Prince Ribbit
  3746 | D:5      | Reached * piety under Okawaru
  3746 | D:5      | Reached XP level 8. HP: 54/77 MP: 12/12
  4654 | D:6      | Reached ** piety under Okawaru
  4881 | D:4      | Learned a level 2 spell: Sticks to Snakes
  4957 | D:6      | Reached XP level 9. HP: 69/83 MP: 8/14
  5690 | D:6      | Reached *** piety under Okawaru
  5690 | D:6      | Reached skill level 5 in Dodging
  5690 | D:6      | Reached skill level 5 in Unarmed Combat
  5690 | D:6      | Reached skill level 5 in Evocations
  5706 | D:6      | Found a snail-covered altar of Cheibriados.
  5736 | D:6      | Noticed Sigmund
  5753 | D:6      | Killed Sigmund
  5789 | D:6      | Reached skill level 5 in Stealth
  5830 | D:6      | Found a glowing silver altar of Zin.
  6022 | D:6      | Reached skill level 5 in Invocations
  6189 | D:7      | Found Wozxapn's Gadget Shop.
  6213 | D:7      | Noticed Demitroll's ghost (novice MiFi)
  6214 | D:7      | Found a staircase to the Ecumenical Temple.
  6705 | D:7      | Reached XP level 10. HP: 86/91 MP: 17/17
  6821 | D:7      | Found a stormy altar of Qazlal.
  6844 | D:7      | Reached **** piety under Okawaru
  7055 | D:8      | Paralysed by a hornet for 2 turns
  7287 | D:8      | Reached skill level 5 in Short Blades
  7287 | D:8      | Reached skill level 5 in Long Blades
  7287 | D:8      | Reached skill level 5 in Axes
  7287 | D:8      | Reached skill level 5 in Maces & Flails
  7287 | D:8      | Reached skill level 5 in Polearms
  7287 | D:8      | Reached skill level 5 in Staves
  7287 | D:8      | Reached skill level 5 in Slings
  7287 | D:8      | Reached skill level 5 in Bows
  7287 | D:8      | Reached skill level 5 in Crossbows
  7287 | D:8      | Reached skill level 5 in Throwing
  7287 | D:8      | Reached skill level 5 in Armour
  7287 | D:8      | Reached skill level 5 in Shields
  7287 | D:8      | Reached skill level 5 in Spellcasting
  7343 | D:8      | Found a hazy altar of Hepliaklqana.
  7567 | D:7      | Got a fine falchion
  7589 | D:8      | Identified the +5 falchion of Urchoh Tade {speed, rN+ Str+3 Dex-3} (You found it on level 7 of the Dungeon)
  7687 | D:8      | Received a gift from Okawaru
  7847 | D:7      | Killed Demitroll's ghost
  7847 | D:7      | Reached skill level 13 in Fighting
  8286 | D:8      | Found Pyijaf's Antique Weapon Emporium.
  8555 | D:8      | Received a gift from Okawaru
  8850 | D:9      | Reached ***** piety under Okawaru
  8850 | D:9      | Reached XP level 11. HP: 65/98 MP: 19/19
  8862 | D:9      | Found a staircase to the Lair.
  8898 | D:9      | Noticed zero's ghost (novice SpEn)
  8928 | D:9      | Killed zero's ghost
  9076 | D:9      | Paralysed by a hornet for 2 turns
  9423 | D:9      | Found a shattered altar of Ashenzari.
  9443 | D:9      | Reached skill level 5 in Conjurations
  9443 | D:9      | Reached skill level 5 in Hexes
  9443 | D:9      | Reached skill level 5 in Charms
  9443 | D:9      | Reached skill level 5 in Summonings
  9443 | D:9      | Reached skill level 5 in Necromancy
  9443 | D:9      | Reached skill level 5 in Translocations
  9443 | D:9      | Reached skill level 5 in Transmutations
  9443 | D:9      | Reached skill level 5 in Fire Magic
  9443 | D:9      | Reached skill level 5 in Ice Magic
  9443 | D:9      | Reached skill level 5 in Air Magic
  9443 | D:9      | Reached skill level 5 in Earth Magic
  9443 | D:9      | Reached skill level 5 in Poison Magic
  9721 | D:9      | Learned a level 3 spell: Call Canine Familiar
  9750 | D:9      | Found a shimmering altar of Xom.
  9937 | D:9      | Received a gift from Okawaru
 10244 | D:10     | Entered Level 10 of the Dungeon
 10330 | D:10     | Found Riogg's Antique Weapon Shop.
 10344 | D:10     | Found Buefar's Jewellery Shoppe.
 10992 | D:10     | Noticed a centaur warrior
 11016 | D:10     | Killed a centaur warrior
 11090 | D:10     | Noticed a fire dragon
 11199 | Lair:1   | Entered Level 1 of the Lair of Beasts
 12020 | Lair:1   | Received a gift from Okawaru
 12648 | Lair:2   | Reached XP level 12. HP: 105/105 MP: 22/22
 12765 | Lair:2   | Received a gift from Okawaru
 13718 | Lair:3   | Received a gift from Okawaru
 13759 | Lair:3   | Got a scorched scale mail
 13773 | Lair:3   | Identified the cursed +1 scale mail "Qaism" {rPois rC- rN+++} (You found it on level 3 of the Lair of Beasts)
 13795 | Lair:3   | Gained mutation: You are agile. (Dex +2) [potion of mutation]
 13795 | Lair:3   | Gained mutation: Your magical capacity is low. (-10% MP) [potion of mutation]
 13795 | Lair:3   | Gained mutation: You are resistant to hostile enchantments. (MR+) [potion of mutation]
 13795 | Lair:3   | Gained mutation: You are highly resistant to hostile enchantments. (MR++) [potion of mutation]
 14104 | Lair:3   | Noticed a five-headed hydra
 14119 | Lair:3   | Found a staircase to the Shoals.
 14948 | D:10     | Noticed Demitroll's ghost (journeyman BaSk)
 14977 | D:10     | Killed Demitroll's ghost
 15081 | D:10     | Killed a fire dragon
 15087 | D:10     | Noticed a seven-headed hydra
 15121 | D:10     | Received a gift from Okawaru
 15827 | D:10     | Noticed a two-headed ogre
 15837 | D:10     | Killed a two-headed ogre
 15867 | D:10     | Got a translucent ring mail
 15888 | D:10     | Identified the cursed +0 ring mail of Midnight {Regen+} (You found it on level 10 of the Dungeon)
 16285 | D:11     | Reached XP level 13. HP: 103/112 MP: 22/22
 16498 | D:11     | Found a roughly hewn altar of Beogh.
 16595 | D:11     | Found a staircase to the Orcish Mines.
 17320 | Orc:1    | Entered Level 1 of the Orcish Mines
 17388 | Orc:2    | Entered Level 2 of the Orcish Mines
 17620 | Orc:2    | Noticed an ettin
 17664 | Orc:2    | Reached skill level 14 in Fighting
 18247 | D:11     | Killed an ettin
 18289 | Orc:2    | Received a gift from Okawaru
 18300 | Orc:2    | Got an ichor-stained lajatang {god gift}
 18314 | Orc:2    | Identified the +9 lajatang "Jellybane" {flame, *Corrode rElec MR+ Dex+3} (Okawaru gifted it to you on level 2 of the Orcish Mines)
 18950 | Orc:2    | Noticed an ettin
 18972 | Orc:2    | Killed an ettin
 18985 | Orc:2    | Received a gift from Okawaru
 18991 | Orc:2    | Got a pitted ring mail {god gift}
 19131 | Orc:2    | Identified the +3 ring mail of Duck's Teeth {rN+} (Okawaru gifted it to you on level 2 of the Orcish Mines)
 19364 | Orc:2    | Found Jovuxauq's Book Boutique.
 19443 | Orc:2    | Found Mehodghyw's General Store.
 19446 | Orc:2    | Found Hurruro's Weapon Emporium.
 19449 | Orc:2    | Bought 2 potions of mutation for 208 gold pieces
 19457 | Orc:2    | Found Teulangi's Antique Armour Shop.
 19530 | Orc:2    | Found a staircase to the Elven Halls.
 20091 | Orc:1    | Noticed Erica
 20100 | Orc:1    | Killed Erica
 20100 | Orc:1    | Reached XP level 14. HP: 81/120 MP: 24/24
 20715 | Lair:3   | Noticed Sonja
 20729 | Lair:3   | Killed Sonja
 21548 | Lair:4   | Found a staircase to the Snake Pit.
 22654 | Lair:5   | Received a gift from Okawaru
 22769 | Lair:5   | Received a gift from Okawaru
 22769 | Lair:5   | Reached skill level 10 in Invocations
 23514 | Lair:6   | Entered Level 6 of the Lair of Beasts
 23514 | Lair:6   | Noticed whitenoisemaker's ghost (journeyman TrMo)
 23525 | Lair:6   | Killed whitenoisemaker's ghost
 23808 | Lair:6   | Received a gift from Okawaru
 23839 | Lair:6   | Found a staircase to the Slime Pits.
 23925 | Lair:6   | Received a gift from Okawaru
 24125 | Lair:6   | Reached XP level 15. HP: 84/127 MP: 25/25
 24431 | Lair:6   | Reached skill level 10 in Dodging
 24431 | Lair:6   | Reached skill level 10 in Unarmed Combat
 24431 | Lair:6   | Reached skill level 10 in Evocations
 24685 | Lair:6   | Mangled by a spiny frog

Vault maps used:
D:1:      dpeg_arrival_tiny_k, grunt_decor_mini_mirrors
D:2:      overflow_temple_1_default
D:3:      kennysheep_slugbush, lemuel_round_altar, overflow_temple_1_default
D:4:      nicolae_overflow_crystal_walls, nicolae_ru_great_annihilating_truth,
          kennysheep_mini_moat, first_ration, dk_noncrumbling_2,
          uniq_blork_the_orc
D:5:      tgw_sif, uniq_prince_ribbit1
D:6:      nicolae_overflow_hidden_temple, lemuel_doored_altar,
          kennysheep_generic_room_16, uniq_sigmund
D:7:      nicolae_qazlal_style_of_elements,
          minmay_temple_entry_statues_fountains, serial_shops, shop
D:8:      overflow_temple_1_default, serial_shops, kennysheep_little_box
D:9:      old_standard_altar, old_standard_altar, due_lair_maze_entry_diamond
D:10:     minmay_the_grid_octo_triangle, serial_shops, shop_fountains, shop
D:11:     david_orc_5, grunt_pizzeria, kennysheep_island_fort
Lair:1:   serial_forest, infiniplex_forest_lined_3, infiniplex_forest_lined_3,
          infiniplex_forest_straight_4, infiniplex_forest_lined_1,
          infiniplex_forest_lined_3_way, infiniplex_forest_clump_tiny,
          infiniplex_forest_lined_room_2, infiniplex_forest_straight_3,
          infiniplex_staircase_pool_2
Lair:2:   eino_house_with_fridge
Lair:3:   elwin_shoals_entry_rocks, grunt_megastairs_2, serial_bayou_shore_b,
          uniq_sonja
Lair:4:   minmay_snake_entry_guardpost_small, special_room, dpeg_oklob_1,
          minmay_lair_oklob_chamber
Lair:5:   grunt_megastairs_3
Lair:6:   minmay_lair_end_frog_pond, slime_dummy
Orc:1:    uniq_erica
Orc:2:    st_orc_open

Skill      XL: |  1  2  3  4  5  6  7  8  9 10 11 12 13 14 15 |
---------------+----------------------------------------------+-----
Fighting       | 13 14 | 14.7
Invocations    | 1 2 3 4 5 6 7 8 9 10 | 10.4
Short Blades   | 1 2 3 4 5 6 7 8 9 |  9.6
Long Blades    | 1 2 3 4 5 6 7 8 9 |  9.6
Axes           | 1 2 3 4 5 6 7 8 9 |  9.6
Maces & Flails | 1 2 3 4 5 6 7 8 9 |  9.6
Polearms       | 1 2 3 4 5 6 7 8 9 |  9.6
Staves         | 1 2 3 4 5 6 7 8 9 |  9.6
Slings         | 1 2 3 4 5 6 7 8 9 |  9.6
Bows           | 1 2 3 4 5 6 7 8 9 |  9.6
Crossbows      | 1 2 3 4 5 6 7 8 9 |  9.6
Throwing       | 1 2 3 4 5 6 7 8 9 |  9.6
Armour         | 1 2 3 4 5 6 7 8 9 |  9.6
Shields        | 1 2 3 4 5 6 7 8 9 |  9.6
Spellcasting   | 1 2 3 4 5 6 7 8 9 |  9.6
Conjurations   | 1 2 3 4 5 6 7 8 |  8.1
Hexes          | 1 2 3 4 5 6 7 8 |  8.1
Charms         | 1 2 3 4 5 6 7 8 |  8.1
Summonings     | 1 2 3 4 5 6 7 8 |  8.1
Necromancy     | 1 2 3 4 5 6 7 8 |  8.1
Translocations | 1 2 3 4 5 6 7 8 |  8.1
Transmutations | 1 2 3 4 5 6 7 8 |  8.1
Fire Magic     | 1 2 3 4 5 6 7 8 |  8.1
Ice Magic      | 1 2 3 4 5 6 7 8 |  8.1
Air Magic      | 1 2 3 4 5 6 7 8 |  8.1
Earth Magic    | 1 2 3 4 5 6 7 8 |  8.1
Poison Magic   | 1 2 3 4 5 6 7 8 |  8.1
Dodging        | 3 4 5 6 7 8 9 10 | 10.0
Unarmed Combat | 3 4 5 6 7 8 9 10 | 10.0
Evocations     | 3 4 5 6 7 8 9 10 | 10.0
Stealth        | 3 4 5 6 7 8 9 |  9.9

Action                   |  1- 3 |  4- 6 |  7- 9 | 10-12 | 13-15 || total
-------------------------+-------+-------+-------+-------+-------++-------
Melee: Club              |   200 |    29 |       |       |       ||   229
       Bite              |    30 |    17 |    93 |   174 |   173 ||   487
       Punch             |     2 |     2 |    10 |    56 |       ||    70
       Dagger            |       |   146 |   587 |   174 |       ||   907
       Falchion          |       |       |       |  1008 |   376 ||  1384
       Lajatang          |       |       |       |       |   625 ||   625
 Cast: Sticks to Snakes  |       |       |     1 |     3 |       ||     4
       Call Canine Famil |       |       |       |     2 |       ||     2
Invok: Heroism           |       |       |     1 |    10 |    12 ||    23
       Finesse           |       |       |       |     2 |     4 ||     6
  Use: Scroll            |       |     5 |     2 |    21 |     7 ||    35
       Potion            |       |       |       |     1 |     1 ||     2
 Stab: Sleeping          |     3 |     4 |       |     1 |     7 ||    15
       Distracted        |       |       |       |     3 |     1 ||     4
  Eat: Chunk             |     2 |     5 |    12 |    24 |    24 ||    67
       Ration            |       |       |       |     3 |     1 ||     4
Armor: Ring mail         |    86 |     6 |       |       |       ||    92
       Chain mail        |       |    91 |   312 |    40 |       ||   443
       Robe              |       |    10 |       |       |       ||    10
       Pearl dragon scal |       |       |       |   517 |   481 ||   998
Dodge: Dodged            |   128 |    77 |   207 |   658 |   840 ||  1910
Block: Shield            |       |       |       |   105 |   131 ||   236
       Rpst.: Falchion   |       |       |       |   136 |    37 ||   173

Table legend:
 A = Spawn XP
 B = Non-spawn XP
 C = Spawn XP percentage of total XP
 D = Spawn monster count
 E = Non-spawn monster count
 F = Spawn count percentage of total count
 G = Total turns spent on level
                    A         B        C        D         E        F      G
               +---------+---------+-------+---------+---------+-------+---------
         Total |       0 |   91984 |   0.0 |       0 |     652 |   0.0 | 24685
               +---------+---------+-------+---------+---------+-------+---------
           D:1 |       0 |      37 |   0.0 |       0 |      22 |   0.0 |   879
           D:2 |       0 |     103 |   0.0 |       0 |      37 |   0.0 |  1183
           D:3 |       0 |     380 |   0.0 |       0 |      33 |   0.0 |   827
           D:4 |       0 |     450 |   0.0 |       0 |      20 |   0.0 |   752
           D:5 |       0 |    1036 |   0.0 |       0 |      28 |   0.0 |  1053
           D:6 |       0 |    1889 |   0.0 |       0 |      37 |   0.0 |  1661
           D:7 |       0 |    2131 |   0.0 |       0 |      26 |   0.0 |   952
           D:8 |       0 |    2796 |   0.0 |       0 |      44 |   0.0 |  1647
           D:9 |       0 |    3901 |   0.0 |       0 |      37 |   0.0 |  1683
          D:10 |       0 |    8327 |   0.0 |       0 |      33 |   0.0 |  1893
          D:11 |       0 |    6151 |   0.0 |       0 |      48 |   0.0 |  1454
        Lair:1 |       0 |    2561 |   0.0 |       0 |      11 |   0.0 |  1473
        Lair:2 |       0 |    2795 |   0.0 |       0 |      21 |   0.0 |  1105
        Lair:3 |       0 |    6758 |   0.0 |       0 |      26 |   0.0 |  1955
        Lair:4 |       0 |    8243 |   0.0 |       0 |      53 |   0.0 |  1147
        Lair:5 |       0 |    9955 |   0.0 |       0 |      28 |   0.0 |  1220
        Lair:6 |       0 |   16447 |   0.0 |       0 |      54 |   0.0 |   927
         Orc:1 |       0 |    2828 |   0.0 |       0 |      23 |   0.0 |  1264
         Orc:2 |       0 |   15196 |   0.0 |       0 |      71 |   0.0 |  1610
               +---------+---------+-------+---------+---------+-------+---------
